AoeStats
← florian

Arena

507976000Analyzed
1v1 RM · 12d ago on Sep 20, 2026· 32m 20s· 2 players
Game mode
Random Map
Map size
Tiny (2 player)
Population
200
Speed
Normal
Resources
Standard
Victory
Conquest
Starting age
Dark Age
Ending age
Imperial Age
RankedLock teamsTeams togetherTeam positionsShared explorationLock speedFull tech treeHidden civsTurbo modeCheats
Victory
Defeat
🇦🇹 Portuguese · Austria
995
+18
🇩🇪 Cumans · Germany
1036
-18
florian
3:26 Loom
7:02 Loom
9:19 Feudal Age
9:41 Loom
12:06 Gold Mining
12:02 Double-Bit Axe
13:44 Wheelbarrow
14:05 Fletching
14:16 Padded Archer Armor
lamNOTORIOUS154
10:45 Feudal Age
12:01 Loom
15:33 Castle Age
Connection lost

Rejoining the realm…

Still unreachable

The connection could not be restored.

Session expired

The server has moved on; the page needs a fresh start.